AoeStats
← brkhn

Migration

509721830Analyzed
1v1 RM · 4d ago on Sep 27, 2026· 39m 13s· 2 players
Game mode
Random Map
Map size
132×132
Population
200
Speed
Normal
Resources
Standard
Victory
Conquest
Starting age
Dark Age
Ending age
Imperial Age
RankedLock teamsTeams togetherTeam positionsShared explorationLock speedFull tech treeHidden civsTurbo modeCheats
Victory
Defeat
🇷🇺 Italians · Russia
993
+15
🇹🇷 Persians · Türkiye
961
-15
brkhn
6:35 Loom
9:40 Feudal Age
10:04 Double-Bit Axe
18:25 Castle Age
17:02 Gold Mining
19:04 Bloodlines
19:05 Scale Barding Armor
19:12 Forging
19:22 Husbandry
20:26 Wheelbarrow
20:25 Chain Barding Armor
20:43 Bow Saw
23:43 Hand Cart
27:42 Town Watch
32:40 Imperial Age
32:03 Kamandaran
32:15 Crossbowman
33:15 Thumb Ring
33:16 Fletching
34:13 Bodkin Arrow
Wst2
9:27 Loom
11:16 Feudal Age
12:23 Loom
13:23 Double-Bit Axe
13:42 Fletching
14:07 Fishing Lines
18:33 Castle Age
19:52 Wheelbarrow
19:46 Bow Saw
20:05 Medium Warships
19:56 Bodkin Arrow
26:27 Bloodlines
26:17 Husbandry
26:55 Padded Archer Armor
27:51 Squires
27:37 Horse Collar
31:07 Ballistics
31:04 Leather Archer Armor
35:03 Imperial Age
35:26 Fortified Wall
36:54 Chemistry
37:10 Thumb Ring
37:31 Conscription
37:48 Ring Archer Armor
37:19 Bracer
Connection lost

Rejoining the realm…

Still unreachable

The connection could not be restored.

Session expired

The server has moved on; the page needs a fresh start.